 Dungeon Crawl Stone Soup version 0.25-a0-96-g4073cf80fb (webtiles) character file.

Game seed: 2350388811755652568, levelgen mode: deterministic

101633 Lanoc the Eternal Night (level 15, -1/129 HPs)
             Began as a Demonspawn Assassin on Nov 11, 2019.
             Was the Champion of Dithmenos.
             Slain by a spark wasp (3 damage)
             ... on level 1 of the Depths.
             The game lasted 02:02:10 (36892 turns).

Lanoc the Eternal Night (Demonspawn Assassin)      Turns: 36892, Time: 02:02:11

Health: -1/129     AC: 23    Str: 13    XL:     15   Next: 83%
Magic:  0/27       EV: 33    Int: 11    God:    Dithmenos [******]
Gold:   1859       SH:  6    Dex: 26    Spells: 13/14 levels left

rFire    + . .     SeeInvis +   r - +2 dagger (protect)
rCold    + . .     Gourm    .   q - +0 buckler
rNeg     . . .     Faith    .   L - +0 acid dragon scales
rPois    +         Spirit   +   y - +0 hat
rElec    +         Reflect  .   c - +1 cloak
rCorr    +         Harm     .   (no gloves)
MR       +....     Rnd*Rage +   D - +2 pair of boots
Stlth    ++++++++++             u - amulet of guardian spirit
HPRegen  0.31/turn              p - +3 ring of evasion
MPRegen  0.20/turn              G - ring of see invisible

@: agile, resistant, sanguine armour, slowed, wreathed by umbra, studying 2
skills, very slow
A: fangs 1, horns 2, agile 1, berserk 1, dopey 1, nightstalker 2, powered by
death 2, sanguine armour 3
a: Shadow Step, Shadow Form, Renounce Religion


You were on level 1 of the Depths.
You worshipped Dithmenos.
Dithmenos was exalted by your worship.
You were not hungry.

You visited 5 branches of the dungeon, and saw 25 of its levels.
You visited the Abyss 1 time.
You also visited: Gauntlet.

You collected 2063 gold pieces.
You spent 204 gold pieces at shops.

Inventory:

Hand Weapons
 j - a +3 vampiric hand axe
 r - a +2 dagger of protection (weapon)
 R - a +3 scimitar of flaming
Missiles
 d - 56 poisoned darts (quivered)
 V - 3 curare-tipped darts
 Z - 4 atropa-tipped darts
Armour
 c - a +1 cloak (worn)
 e - a +3 scale mail of poison resistance
 q - a +0 buckler (worn)
 y - a +0 hat (worn)
 D - a +2 pair of boots (worn)
 L - +0 acid dragon scales (worn)
 O - a +2 ring mail of magic resistance
Jewellery
 p - a +3 ring of evasion (left hand)
 u - an amulet of guardian spirit (around neck)
 G - a ring of see invisible (right hand)
Wands
 s - a wand of flame (49)
 v - a wand of random effects (27)
 w - a wand of iceblast (17)
 W - a wand of polymorph (21)
Scrolls
 a - a scroll of brand weapon
 m - 13 scrolls of identify
 n - 8 scrolls of remove curse
 C - 2 scrolls of immolation
 I - 6 scrolls of fog
 J - 4 scrolls of enchant weapon
 N - 2 scrolls of enchant armour
 Q - a scroll of amnesia
 U - 2 scrolls of silence
Potions
 h - a potion of brilliance
 k - a potion of lignification
 l - a potion of cancellation
 K - a potion of haste
 T - a potion of agility
Books
 t - a manual of Stealth
 x - a manual of Invocations
Miscellaneous
 B - a fan of gales (inert)
 E - a phial of floods (inert)
 H - a sack of spiders
 M - a phantom mirror
Comestibles
 f - 40 rations


   Skills:
 + Level 15.0 Fighting
 - Level 10.0 Short Blades
 - Level 1.7 Throwing
 + Level 13.9 Dodging
 + Level 10.7 Stealth
 - Level 4.0 Shields
 + Level 16.9 Invocations


You had 13 spell levels left.
You knew the following spells:

 Your Spells              Type           Power        Failure   Level  Hunger
a - Apportation           Tloc           #.....       45%         1    ##.....

Your spell library contained the following spells:

 Spells                   Type           Power        Failure   Level  Hunger
 Animate Skeleton         Necr           N/A          45%         1    ##.....
 Beastly Appendage        Tmut           #.....       45%         1    ##.....
 Confusing Touch          Hex            #.....       45%         1    ##.....
 Infusion                 Chrm           #...         45%         1    ##.....
 Magic Dart               Conj           #...         45%         1    ##.....
 Sandblast                Erth           #.....       45%         1    ##.....
 Summon Small Mammal      Summ           #...         45%         1    ##.....
 Blink                    Tloc           N/A          61%         2    ###....
 Call Imp                 Summ           #.......     61%         2    ###....
 Corpse Rot               Necr           N/A          61%         2    ###....
 Passwall                 Tmut/Erth      #.......     61%         2    ###....
 Shroud of Golubria       Chrm/Tloc      #.....       61%         2    ###....
 Slow                     Hex            #.......     61%         2    ###....
 Song of Slaying          Chrm           #.......     61%         2    ###....
 Sticks to Snakes         Tmut           #.......     61%         2    ###....
 Sublimation of Blood     Necr           #.........   61%         2    ###....
 Call Canine Familiar     Summ           #.......     83%         3    ####...
 Conjure Flame            Conj/Fire      #.......     83%         3    ####...
 Gell's Gravitas          Tloc           #.........   83%         3    ####...
 Mephitic Cloud           Conj/Pois/Air  #.......     83%         3    ####...
 Recall                   Summ/Tloc      N/A          83%         3    ####...
 Regeneration             Chrm/Necr      #.........   83%         3    ####...
 Spectral Weapon          Hex/Chrm       #.......     83%         3    ####...
 Spider Form              Tmut/Pois      #.........   83%         3    ####...
 Stone Arrow              Conj/Erth      #.....       83%         3    ####...
 Summon Guardian Golem    Hex/Summ       #.......     83%         3    ####...
 Ice Form                 Ice/Tmut       #.......     99%         4    #####..
 Leda's Liquefaction      Hex/Erth       #.........   99%         4    #####..
 Petrify                  Tmut/Erth      #.......     99%         4    #####..
 Summon Ice Beast         Ice/Summ       #.......     99%         4    #####..
 Summon Lightning Spire   Summ/Air       #.......     99%         4    #####..
 Agony                    Necr           #.......     100%        5    ######.
 Aura of Abjuration       Summ           #.........   100%        5    ######.
 Blade Hands              Tmut           #.........   100%        5    ######.
 Bolt of Draining         Conj/Necr      #.........   100%        5    ######.
 Bolt of Magma            Conj/Fire/Erth #.........   100%        5    ######.
 Dispel Undead            Necr           #.......     100%        5    ######.
 Excruciating Wounds      Chrm/Necr      #.........   100%        5    ######.
 Irradiate                Conj/Tmut      #.........   100%        5    ######.
 Lee's Rapid Deconstruct  Erth           #.........   100%        5    ######.
 Summon Demon             Summ           #.........   100%        5    ######.
 Summon Forest            Summ/Tloc      #.........   100%        5    ######.
 Summon Mana Viper        Hex/Summ       #.......     100%        5    ######.
 Deflect Missiles         Chrm/Air       #.........   100%        6    #######
 Hydra Form               Tmut           #.........   100%        6    #######
 Iron Shot                Conj/Erth      #.........   100%        6    #######
 Shadow Creatures         Summ           N/A          100%        6    #######
 Statue Form              Tmut/Erth      #........    100%        6    #######
 Dragon Form              Tmut           #.........   100%        7    #######
 Malign Gateway           Summ/Tloc      #.........   100%        7    #######
 Shatter                  Erth           #.........   100%        9    #######


Dungeon Overview and Level Annotations

Branches:
Dungeon (15/15)            Temple (1/1) D:6            Lair (6/6) D:9
 Shoals (0/4) Lair:4        Snake (0/4) Lair:3        Slime (0/5) Lair:6
    Orc (2/2) D:11            Elf (0/3) Orc:2        Vaults (0/5) D:14
 Depths (1/5) D:15        Gauntlet (visited)

Altars:
Ashenzari
Cheibriados
Dithmenos
Elyvilon
Fedhas
Gozag
Hepliaklqana
Kikubaaqudgha
Makhleb
Nemelex Xobeh
Qazlal
Ru
Sif Muna
Trog
Uskayaw
Vehumet
Wu Jian
Yredelemnul
Zin
The Shining One
Beogh

Shops:
D:10 [   Orc:2 [}(=*

Portals:
Trove: D:14 (give 2 scrolls of acquirement)

Annotations:
D:6 Prince Ribbit
D:14 Louise, Rupert
Depths:1 Asterion


Innate Abilities, Weirdness & Mutations

You have a pair of horns on your head.
You are significantly more attuned to the shadows.
You regenerate health from kills.
When seriously injured, your bleeding wounds create very thick armour. (AC +12)
You have very sharp teeth.
You are agile. (Dex +2)
You tend to lose your temper in combat.
You are dopey. (Int -2)


Message History

Your worker ant dies!
Your worker ant's corpse disappears in a puff of smoke!
Evoke which item? (* to show all) (? for menu, Esc to quit)
You reach into the bag... ...and things crawl out!
The spark wasp is caught in a web!
The spark wasp struggles to get unstuck from the web.
The spark wasp tears the web.
The spark wasp completely misses you.
Your worker ant closely misses the spark wasp.
The spark wasp completely misses you.
Evoke which item? (* to show all) (? for menu, Esc to quit)
You reach into the bag... ...but nothing happens.
You block the spark wasp's attack.
Your worker ant closely misses the spark wasp.
The spark wasp completely misses you.
Your worker ant barely misses the spark wasp.
Evoke which item? (* to show all) (? for menu, Esc to quit)
You reach into the bag... ...but nothing happens.
The spark wasp stings you!
* * * LOW HITPOINT WARNING * * *
The spark wasp shocks you. You resist.
You die...

#≈# [. #≈#
#.# #.#
#.# #.##
#.a# ##y#
#@# #[#
#######'##
#........#
#..<.....#
#........#
#........+
#........#
##########


You could see a spark wasp and a friendly worker ant.

Vanquished Creatures
  Gastronok (D:10)
  An orc warlord (Orc:2)
  2 ghouls (D:14)
  6 dire elephants
  Snorg (Orc:2)
  A fire dragon (D:14)
  A great orb of eyes (shapeshifter) (D:15)
  Harold (D:7)
  Erolcha (D:10)
  A rakshasa (D:14)
  4 hydras
  An anaconda (Lair:6)
  2 centaur warriors
  4 two-headed ogres
  A vampire mage (Depths:1)
  A tengu warrior (Gauntlet)
  A queen ant (Lair:2)
  7 death yaks
  An orc high priest (Orc:2)
  2 skeletal warriors (D:14)
  An unseen horror (D:14)
  A glowing orange brain (D:15)
  4 wizards (D:14)
  Pikel (D:7)
  11 ugly things
  An orc knight (Orc:2)
  2 cyclopes
  An orc sorcerer (Orc:2)
  3 oklob plants
  A wolf spider (D:15)
  A deep elf mage (D:15)
  A manticore (D:13)
  10 elephants (Lair:6)
  Maurice (D:8)
  10 black mambas
  A merfolk siren (Lair:4)
  5 torpor snails (Lair:5)
  A guardian serpent (Lair:3)
  4 gargoyles
  3 centaur skeletons
  11 spiny frogs
  An efreet (D:13)
  A rime drake (Lair:4)
  A kobold demonologist (D:12)
  9 komodo dragons
  2 tengu conjurers (Gauntlet)
  2 merfolk
  A guardian mummy (D:14)
  A polar bear (Lair:2)
  A troll (shapeshifter) (D:15)
  6 trolls
  A jumping spider (shapeshifter) (D:15)
  3 hornets
  A raiju (Gauntlet)
  A blink frog (shapeshifter) (D:15)
  8 slime creatures
  14 hippogriffs
  25 blink frogs
  2 meliai zombies (D:14)
  A centaur simulacrum (D:15)
  3 shadows
  A water elemental (D:11)
  5 wraiths
  A spriggan (D:11)
  3 wyverns
  2 basilisks (Lair:6)
  27 yaks
  2 humans
  A basilisk (shapeshifter) (D:15)
  8 hungry ghosts
  A golden eye (shapeshifter) (D:15)
  3 vampire mosquitoes
  A steam dragon (D:10)
  4 wargs
  22 soldier ants
  2 acid dragons
  Duvessa (D:7)
  9 water moccasins
  6 porcupines
  3 black bears
  3 ice beasts
  36 orc warriors
  2 eyes of draining
  4 sky beasts
  9 ogres
  19 wolves
  2 phantoms
  15 centaurs
  2 necrophages
  6 crocodiles
  A big kobold (D:12)
  19 bullfrogs
  A wyvern zombie (D:8)
  Dowan (D:7)
  A wyvern skeleton (D:11)
  5 scorpions
  18 killer bees
  13 wights
  An electric eel (D:11)
  3 crimson imps
  8 centaur zombies
  6 jellies
  34 orc priests
  2 hounds
  A bullfrog zombie (D:12)
  4 bullfrog skeletons
  6 iguanas
  34 worker ants
  34 orc wizards
  A lightning spire (Gauntlet)
  2 hound skeletons
  15 adders
  7 shadow imps
  5 oozes
  A dart slug (D:1)
  2 leopard geckos
  135 orcs
  A ball python (D:4)
  4 bats
  2 giant cockroaches
  3 goblins
  5 hobgoblins
  3 jackals (D:3)
  7 kobolds
  10 quokkas
  4 frilled lizards
  A leopard gecko skeleton (D:7)
  A quokka skeleton (D:5)
  3 rats
  2 fungi (D:9)
  3 plants
807 creatures vanquished.

Vanquished Creatures (collateral kills)
  2 spark wasps (Depths:1)
  2 slime creatures (D:13)
  An acid dragon (D:13)
  A wight (D:13)
  A plant (Depths:1)
7 creatures vanquished.

Vanquished Creatures (others)
  A centaur zombie (D:11)
  A komodo dragon (Lair:6)
  A necrophage (D:7)
  A jelly (D:11)
  A bullfrog skeleton (D:11)
  A howler monkey zombie (D:7)
  An orc (D:11)
  A bush (Depths:1)
  5 fungi
  34 plants
47 creatures vanquished.

Grand Total: 861 creatures vanquished

Notes
Turn   | Place    | Note
-------+----------+-------------------------------------------
     0 | D:1      | Lanoc the Demonspawn Assassin began the quest for the Orb.
     0 | D:1      | Reached XP level 1. HP: 16/16 MP: 1/1
    40 | D:1      | Reached skill level 1 in Dodging
    75 | D:1      | Gained mutation: When seriously injured, your bleeding
                  | wounds create armour. (AC +12) [demonic ancestry]
    75 | D:1      | Reached XP level 2. HP: 23/23 MP: 2/2
   657 | D:2      | Noticed a phantom
   777 | D:3      | Gained mutation: You have a pair of small horns on your
                  | head. [demonic ancestry]
   777 | D:3      | Reached XP level 3. HP: 21/28 MP: 3/3
  1267 | D:3      | Gained mutation: You are slightly more attuned to the
                  | shadows. [demonic ancestry]
  1267 | D:3      | Reached XP level 4. HP: 24/35 MP: 4/4
  1877 | D:4      | Reached XP level 5. HP: 34/42 MP: 5/5
  2245 | D:4      | Found a sacrificial altar of Ru.
  2245 | D:4      | Found a hazy altar of Hepliaklqana.
  2311 | D:4      | Reached XP level 6. HP: 18/48 MP: 6/6
  2684 | D:4      | Noticed a hippogriff
  2704 | D:4      | Killed a hippogriff
  2704 | D:4      | Reached skill level 5 in Stealth
  3018 | D:5      | Entered Level 5 of the Dungeon
  3209 | D:4      | Reached XP level 7. HP: 23/55 MP: 7/7
  3415 | D:5      | Reached skill level 5 in Fighting
  4339 | D:6      | Reached skill level 5 in Dodging
  4345 | D:6      | Found a staircase to the Ecumenical Temple.
  4347 | D:6      | Gained mutation: You have a pair of horns on your head.
                  | [demonic ancestry]
  4347 | D:6      | Reached XP level 8. HP: 63/64 MP: 8/8
  4481 | Temple   | Entered the Ecumenical Temple
  4557 | Temple   | Became a worshipper of Dithmenos the Shadowed
  4611 | D:6      | Noticed Prince Ribbit
  5086 | D:7      | Noticed Harold
  5099 | D:7      | Noticed Pikel
  5125 | D:7      | Killed Pikel
  5125 | D:7      | Gained mutation: You are significantly more attuned to the
                  | shadows. [demonic ancestry]
  5125 | D:7      | Reached XP level 9. HP: 37/72 MP: 9/9
  5142 | D:7      | Killed Harold
  5479 | D:7      | Noticed Dowan
  5482 | D:7      | Noticed Duvessa
  5516 | D:7      | Killed Duvessa
  5529 | D:7      | Killed Dowan
  5735 | D:8      | Noticed Maurice
  6498 | D:9      | Found a basalt altar of Yredelemnul.
  6641 | D:9      | Reached * piety under Dithmenos
  7060 | D:9      | Reached skill level 1 in Invocations
  7085 | D:9      | Gained mutation: You regenerate a little health from kills.
                  | [demonic ancestry]
  7085 | D:9      | Reached XP level 10. HP: 69/83 MP: 9/11
  7153 | D:9      | Reached skill level 2 in Invocations
  7378 | D:9      | Found a staircase to the Lair.
  7706 | D:9      | Reached skill level 3 in Invocations
  7850 | D:10     | Entered Level 10 of the Dungeon
  7866 | D:10     | Noticed Erolcha
  7873 | D:10     | Paralysed by Erolcha for 7 turns
  7880 | D:10     | Killed Erolcha
  7880 | D:10     | Reached skill level 4 in Invocations
  8139 | D:10     | Reached skill level 10 in Fighting
  8142 | D:10     | Noticed a gargoyle
  8147 | D:10     | Killed a gargoyle
  8147 | D:10     | Reached skill level 5 in Invocations
  8223 | D:10     | Found Kit Own's Armour Emporium.
  8253 | D:10     | Noticed a two-headed ogre
  8457 | D:10     | Reached ** piety under Dithmenos
  8736 | D:10     | Noticed a death knight
  8739 | D:10     | Reached skill level 6 in Invocations
  8744 | D:10     | Gained mutation: You are agile. (Dex +2) [potion of
                  | mutation]
  8744 | D:10     | Gained mutation: You do not regenerate when monsters are
                  | visible. [potion of mutation]
  8744 | D:10     | Gained mutation: You have very sharp teeth. [potion of
                  | mutation]
  8744 | D:10     | Gained mutation: You are very agile. (Dex +4) [potion of
                  | mutation]
  8746 | D:10     | Noticed a cyan ugly thing
  8752 | D:10     | Noticed an ogre mage
  9135 | Lair:1   | Entered Level 1 of the Lair of Beasts
  9757 | D:8      | Got an iridescent longbow
  9758 | D:8      | Identified the +2 longbow "Cokeir" {venom, rC- Int+5} (You
                  | found it on level 8 of the Dungeon)
  9807 | D:8      | Reached XP level 11. HP: 92/92 MP: 16/16
 10215 | D:8      | Killed Maurice
 10215 | D:8      | Reached skill level 7 in Invocations
 10704 | D:10     | Noticed Gastronok
 10728 | D:10     | Killed Gastronok
 10728 | D:10     | Reached skill level 10 in Dodging
 10728 | D:10     | Reached skill level 8 in Invocations
 11013 | D:10     | Got a crystal spear
 11014 | D:10     | Identified the +3 spear "Peqiriud" {venom, rElec rPois rN++
                  | MR-} (You found it on level 10 of the Dungeon)
 11435 | D:10     | Noticed a four-headed hydra
 11949 | D:11     | Reached *** piety under Dithmenos
 11961 | D:11     | HP: 4/93 [orc/+0 hand axe (1)]
 12571 | D:11     | Reached skill level 9 in Invocations
 13406 | D:11     | Lost mutation: You are very agile. (Dex +4) [potion of
                  | mutation]
 13406 | D:11     | Lost mutation: You do not regenerate when monsters are
                  | visible. [potion of mutation]
 13406 | D:11     | Lost mutation: You are agile. (Dex +2) [potion of mutation]
 13406 | D:11     | Gained mutation: You tend to lose your temper in combat.
                  | [potion of mutation]
 13406 | D:11     | Gained mutation: You are agile. (Dex +2) [potion of
                  | mutation]
 13873 | D:11     | Found a staircase to the Orcish Mines.
 14777 | D:12     | Reached **** piety under Dithmenos
 15142 | D:12     | Gained mutation: When seriously injured, your bleeding
                  | wounds create thick armour. (AC +12) [demonic ancestry]
 15142 | D:12     | Reached XP level 12. HP: 101/101 MP: 16/19
 15478 | D:13     | Found a gate leading to a gauntlet.
 15497 | Gauntlet | Entered a Gauntlet
 15497 | Gauntlet | Found a transporter.
 15497 | Gauntlet | Found a large runed translucent door.
 15497 | Gauntlet | Found a large runed translucent door.
 15497 | Gauntlet | Found a large runed translucent door.
 15497 | Gauntlet | Found a large runed translucent door.
 15498 | Gauntlet | Found a runed translucent door.
 15498 | Gauntlet | Found a large runed translucent door.
 15498 | Gauntlet | Found a runed translucent door.
 15498 | Gauntlet | Found a large runed translucent door.
 15498 | Gauntlet | Found a large runed translucent door.
 15498 | Gauntlet | Found a large runed translucent door.
 15515 | Gauntlet | Found a transporter.
 15523 | Gauntlet | Found a transporter.
 15528 | Gauntlet | Found a transporter.
 15547 | Gauntlet | Found the ring of the Octopus King
 15550 | Gauntlet | Found a transporter.
 15562 | Gauntlet | Found a transporter.
 15582 | Gauntlet | Found a transporter.
 15591 | Gauntlet | Found a transporter.
 15622 | Gauntlet | Found a transporter.
 15623 | Gauntlet | Noticed a death ooze
 15634 | Gauntlet | Found a transporter.
 15645 | Gauntlet | Noticed a hell hog
 15665 | Gauntlet | Found a transporter.
 15687 | Gauntlet | Found a transporter.
 15699 | Gauntlet | Found a transporter.
 15701 | Gauntlet | Found a transporter.
 15722 | Gauntlet | Found a large runed translucent door.
 15723 | Gauntlet | Found a large runed translucent door.
 15724 | Gauntlet | Found a large runed translucent door.
 15724 | Gauntlet | Found a large runed translucent door.
 15725 | Gauntlet | Found a runed translucent gate.
 15729 | Gauntlet | Found a transporter.
 15732 | Gauntlet | Noticed a tengu warrior
 15738 | Gauntlet | Found a large runed translucent door.
 15747 | Gauntlet | Found a large runed translucent door.
 15748 | Gauntlet | Found a large runed translucent door.
 15748 | Gauntlet | Found a large runed translucent door.
 15749 | Gauntlet | Found a runed translucent gate.
 15763 | Gauntlet | Found a runed translucent gate.
 15766 | Gauntlet | Found a transporter.
 15795 | Gauntlet | Killed a tengu warrior
 15795 | Gauntlet | Reached skill level 10 in Invocations
 15813 | Gauntlet | Found a transporter.
 15817 | Gauntlet | Found a transporter.
 15960 | Gauntlet | Learned a level 1 spell: Apportation
 15982 | Gauntlet | Got a clouded ivory amulet
 15990 | Gauntlet | Identified the amulet "Nays" {Inacc *Drain Str+7} (You
                  | found it in a Gauntlet)
 16117 | Gauntlet | Noticed a minotaur
 16200 | D:13     | Noticed a centaur warrior
 16261 | D:13     | Reached skill level 5 in Short Blades
 17090 | D:13     | Reached ***** piety under Dithmenos
 17510 | D:13     | Killed a centaur warrior
 17833 | D:14     | Found a shattered altar of Ashenzari.
 17867 | D:14     | Reached skill level 11 in Invocations
 17897 | D:14     | Noticed a two-headed ogre
 18027 | D:14     | Cast into level 2 of the Abyss (a wizard)
 18072 | Abyss:2  | Noticed a green death
 18075 | Abyss:2  | Noticed a tentacled monstrosity
 18166 | Abyss:2  | Identified Sif Muna's Catalogue of Assistive Displacement
 18224 | D:14     | Escaped the Abyss
 18947 | D:14     | Found a gate to the Vaults.
 18979 | D:14     | Found a portal to a secret trove of treasure.
 19010 | D:14     | Gained mutation: When seriously injured, your bleeding
                  | wounds create very thick armour. (AC +12) [demonic
                  | ancestry]
 19010 | D:14     | Reached XP level 13. HP: 109/109 MP: 21/21
 19103 | D:14     | Noticed a ghoul
 20530 | Lair:1   | Reached skill level 12 in Invocations
 20834 | Lair:2   | Reached skill level 1 in Shields
 21957 | Lair:2   | Reached ****** piety under Dithmenos
 22772 | Lair:3   | Found a staircase to the Snake Pit.
 23326 | Lair:3   | Reached XP level 14. HP: 118/118 MP: 23/23
 25467 | Lair:4   | Reached skill level 10 in Short Blades
 25475 | Lair:4   | Found a staircase to the Shoals.
 25678 | Lair:5   | Reached skill level 13 in Invocations
 25917 | Lair:5   | Found a snail-covered altar of Cheibriados.
 26642 | Lair:6   | Entered Level 6 of the Lair of Beasts
 27151 | Lair:6   | Found a staircase to the Slime Pits.
 27339 | Lair:6   | Got a jewelled halberd
 27345 | Lair:6   | Identified the cursed +0 halberd of Truncation {venom,
                  | Int+7} (You found it on level 6 of the Lair of Beasts)
 27406 | Lair:6   | Reached skill level 14 in Invocations
 29748 | Lair:6   | Got a dazzling long sword
 29749 | Lair:6   | Identified the cursed +1 long sword "Tuto" {freeze, rPois
                  | MP+9 Int+6} (You found it on level 6 of the Lair of Beasts)
 30026 | D:10     | Gained mutation: You regenerate health from kills. [demonic
                  | ancestry]
 30026 | D:10     | Reached XP level 15. HP: 95/126 MP: 18/25
 30077 | Orc:1    | Entered Level 1 of the Orcish Mines
 30169 | Orc:2    | Entered Level 2 of the Orcish Mines
 30284 | Orc:2    | Found Vadd's Jewellery Shoppe.
 30651 | Orc:2    | Found a staircase to the Elven Halls.
 30805 | Orc:2    | Found a roughly hewn altar of Beogh.
 30870 | Orc:2    | Found a roughly hewn altar of Beogh.
 30873 | Orc:2    | Found Wosmot's Assorted Antiques.
 31153 | Orc:2    | Reached skill level 15 in Invocations
 31186 | Orc:2    | Found a roughly hewn altar of Beogh.
 31344 | Orc:2    | Noticed an orc warlord
 31425 | Orc:2    | Killed an orc warlord
 31632 | Orc:2    | Found Vipheudd's Antique Weapon Shop.
 31689 | Orc:2    | Found a roughly hewn altar of Beogh.
 31691 | Orc:2    | Found Jiontyg's Antique Armour Boutique.
 31818 | Orc:2    | Found a roughly hewn altar of Beogh.
 31857 | Orc:2    | Found Uketenyby's Gadget Shop.
 32025 | Orc:2    | Bought a jewelled long sword for 204 gold pieces
 32070 | Orc:1    | Noticed Snorg
 32340 | Orc:2    | Killed Snorg
 33063 | D:14     | Noticed Rupert
 33810 | D:14     | Reached skill level 16 in Invocations
 34505 | D:15     | Entered Level 15 of the Dungeon
 35040 | D:15     | Noticed Louise
 35073 | D:14     | Reached skill level 10 in Stealth
 36115 | D:15     | Reached skill level 15 in Fighting
 36369 | D:15     | Paralysed by a great orb of eyes for 2 turns
 36515 | D:15     | Found a staircase to the Depths.
 36577 | D:15     | Found a white marble altar of Elyvilon.
 36681 | Depths:1 | Entered Level 1 of the Depths
 36769 | Depths:1 | Noticed Asterion
 36849 | Depths:1 | Gained mutation: You are dopey. (Int -2) [a cacodemon]
 36873 | Depths:1 | HP: 5/129 [spark wasp (12)]
 36879 | Depths:1 | HP: 6/129 [spark wasp (7)]
 36892 | Depths:1 | HP: 2/129 [spark wasp (7)]
 36892 | Depths:1 | Slain by a spark wasp

Levels and vault maps discovered:
D:1:      ncdulo_smallfort, layout_loops_cross, minmay_misc_feat_encased,
          st_stairs_13, minmay_pentomino_v2
D:2:      layout_rooms, first_ration, minmay_misc_feat_doors
D:3:      layout_basic
D:4:      layout_loops_ring, grunt_temple_overflow_open, dk_vineyard_1,
          minmay_between
D:5:      layout_basic, st_stairs_2, chequers_serial_rivers_micro_d,
          fountainhead, minmay_door_square
D:6:      layout_rooms, minmay_temple_entry_stoned_glass, uniq_prince_ribbit1
D:7:      layout_basic, uniq_duvessa, uniq_pikel, uniq_harold
D:8:      minmay_inner_zag, layout_rooms, serial_co_window_serial,
          co_window_corner_a, co_window_paths_b, co_window_paths_a,
          co_window_of_opportunity_a, co_window_paths_b, co_window_2corner,
          co_window_broadway_a, co_window_broadway_c, co_window_corner_ca,
          co_window_2corner, glass_columns_a, glass_columns_c, uniq_maurice
D:9:      minmay_clustersquares, layout_long_grid, dpeg_oklobed_lair,
          basic_altar
D:10:     minmay_slanted_spiral_squares, layout_basic, serial_shops,
          nicolae_shop_trees, lemuel_centaur_altar, uniq_erolcha, uniq_gastronok
D:11:     layout_basic, erik_orc_4, hangedman_stone_soup
D:12:     layout_rooms
D:13:     layout_rooms, gauntlet_entry_generic
D:14:     layout_long_grid, david_vaults_1, nicolae_trove_entry_diagonal,
          serial_undead, serial_undead_c, serial_undead_d, serial_undead_e,
          serial_undead_e, ashenzari_altar_1, minmay_misc_feat_iff,
          kennysheep_generic_room_8, uniq_rupert
D:15:     gammafunk_enter_depths_forms, layout_cave_pools, chequers_mini_garden,
          elyvilon_altar_3, uniq_louise
Temple:   regret_index_temple_chain_breaker
Lair:1:   layout_regular_city, grunt_megastairs_3, infiniplex_staircase_pool,
          minmay_lair_oklob_chamber, lemuel_fruit_tree
Lair:2:   layout_cave_pods, chequers_serial_rivers_micro_b, minivault_29,
          grunt_megastairs_5
Lair:3:   layout_cave_pods, minmay_snake_entry_spellcaster
Lair:4:   layout_long_grid, elwin_shoals_entry_rooms, fungi_pond_lemuel,
          grunt_megastairs_4
Lair:5:   layout_gridlike, kennysheep_snail_temple, lemuel_fruit_fields
Lair:6:   due_jungle_book, layout_cave_shapes, nicolae_slime_entry_slimehenge
Orc:1:    layout_caves, uniq_snorg
Orc:2:    grunt_orc_community_town_hall, layout_diamond_mine,
          grunt_orc_community_big_house_2, grunt_orc_community_big_house_2,
          grunt_orc_community_house_3, grunt_orc_community_house_3,
          grunt_orc_community_house_3, grunt_orc_community_house_2,
          grunt_orc_community_house_2, grunt_orc_community_house_2,
          serial_shops, shop_statue, nicolae_orc_lava_room
Depths:1: layout_roguey, nrook_uturn, grunt_mini_vestibule, serial_shops, shop,
          kennysheep_boxes, uniq_asterion

Skill      XL: |  1  2  3  4  5  6  7  8  9 10 11 12 13 14 15 |
---------------+----------------------------------------------+-----
Dodging        | 1 2 3 4 5 6 8 9 10 11 12 13 | 13.9
Fighting       | 3 4 5 7 9 10 11 12 13 14 15 | 15.0
Stealth        | 4 5 6 7 10 | 10.7
Invocations    | 1 6 9 11 12 14 16 | 16.9
Short Blades   | 3 7 9 10 | 10.0
Shields        | 3 4 |  4.0
Throwing       | |  1.7

Action                   |  1- 3 |  4- 6 |  7- 9 | 10-12 | 13-15 || total
-------------------------+-------+-------+-------+-------+-------++-------
Melee: Dagger            |    89 |   136 |   553 |  1829 |  4019 ||  6626
       Headbutt          |     2 |    23 |   123 |   515 |  1288 ||  1951
       Short sword       |       |       |     8 |       |       ||     8
       Bite              |       |       |       |   279 |   706 ||   985
       Spear             |       |       |       |    64 |       ||    64
       Scimitar          |       |       |       |       |    17 ||    17
Throw: Dart              |       |    14 |     3 |    17 |    25 ||    59
       Throwing net      |       |       |     1 |     3 |     1 ||     5
Evoke: Wand              |       |       |       |    13 |    62 ||    75
       Fan of gales      |       |       |       |     1 |     1 ||     2
       Phial of floods   |       |       |       |     1 |     1 ||     2
       Sack of spiders   |       |       |       |       |     4 ||     4
  Use: Potion            |       |       |    11 |     5 |     6 ||    22
       Scroll            |       |       |     1 |    24 |    13 ||    38
 Stab: Sleeping          |    11 |     8 |    27 |    54 |   148 ||   248
       Invisible         |       |       |    10 |       |       ||    10
       Distracted        |       |       |     1 |    10 |     8 ||    19
       Held in net/web   |       |       |       |     3 |     1 ||     4
       Confused          |       |       |       |     4 |       ||     4
  Eat: Chunk             |     1 |     3 |    10 |    28 |    34 ||    76
       Ration            |       |     1 |     2 |     7 |     8 ||    18
Armor: Robe              |    23 |    41 |   116 |   187 |       ||   367
       Skin              |       |       |    59 |    30 |       ||    89
       Acid dragon scale |       |       |       |   182 |   482 ||   664
Dodge: Dodged            |    52 |    84 |   361 |  1807 |  2171 ||  4475
Block: Buckler           |       |       |       |       |   570 ||   570
       Rpst.: Scimitar   |       |       |       |       |     1 ||     1

Table legend:
 A = Non-vault XP
 B = Vault XP
 C = Vault XP percentage of total XP
 D = Non-vault monster count
 E = Vault monster count
 F = Vault count percentage of total count
                 A         B        C        D         E       F
            +---------+---------+-------+---------+---------+-------
      Total |   96117 |   49073 |  33.8 |     576 |     232 |  28.7
            +---------+---------+-------+---------+---------+-------
        D:1 |      23 |       4 |  14.8 |      13 |       1 |   7.1
        D:3 |      84 |       0 |   0.0 |      22 |       0 |   0.0
        D:4 |     584 |      78 |  11.8 |      19 |       2 |   9.5
        D:5 |     335 |      86 |  20.4 |      17 |       2 |  10.5
        D:6 |     856 |       0 |   0.0 |      16 |       0 |   0.0
        D:7 |     365 |    1732 |  82.6 |      10 |       4 |  28.6
        D:8 |    1505 |     822 |  35.3 |      23 |       6 |  20.7
        D:9 |    3244 |     173 |   5.1 |      32 |       7 |  17.9
       D:10 |    2179 |    5288 |  70.8 |      27 |      14 |  34.1
       D:11 |    2642 |    1272 |  32.5 |      35 |      19 |  35.2
       D:12 |    3747 |       0 |   0.0 |      49 |       0 |   0.0
       D:13 |    7318 |       0 |   0.0 |      43 |       0 |   0.0
       D:14 |   14997 |    9417 |  38.6 |      42 |      14 |  25.0
       D:15 |    6514 |    4495 |  40.8 |      27 |      12 |  30.8
     Lair:1 |    4557 |     815 |  15.2 |      20 |       3 |  13.0
     Lair:2 |    3881 |    8101 |  67.6 |      22 |      47 |  68.1
     Lair:3 |    5213 |     434 |   7.7 |      17 |       1 |   5.6
     Lair:4 |    4758 |    1537 |  24.4 |      17 |       4 |  19.0
     Lair:5 |    7918 |    2146 |  21.3 |      25 |       5 |  16.7
     Lair:6 |   17799 |    2937 |  14.2 |      39 |      11 |  22.0
      Orc:1 |    2257 |       0 |   0.0 |      20 |       0 |   0.0
      Orc:2 |    3369 |    7330 |  68.5 |      38 |      73 |  65.8
   Depths:1 |    1972 |       0 |   0.0 |       3 |       0 |   0.0
   Gauntlet |       0 |    2406 | 100.0 |       0 |       7 | 100.0
            +---------+---------+-------+---------+---------+-------
